 Dungeon Crawl Stone Soup version 0.19-a0-1193-g2641e52 (webtiles) character file.

733 inmateoo the Sneak (level 7, 0/35 HPs)
             Began as a Vine Stalker Arcane Marksman on Aug 20, 2016.
             Slain by an ogre
             ... wielding a +0 giant club
              (22 damage)
             ... on level 5 of the Dungeon.
             The game lasted 00:10:26 (3071 turns).

inmateoo the Sneak (Vine Stalker Arcane Marksman)   Turns: 3071, Time: 00:10:27

Health: 0/35       AC:  7    Str: 13    XL:     7   Next: 74%
Magic:  0/11       EV: 13    Int: 13    God:
Gold:   307        SH:  0    Dex: 16    Spells: 4 memorised, 2 levels left

rFire  . . .     SeeInvis .     K - +0 rapier
rCold  . . .     Gourm    .     o - +0 leather armour
rNeg   . . .     Faith    .     (no shield)
rPois  .         Spirit   +     n - +1 hat
rElec  .         Dismiss  .     p - +0 cloak
rCorr  +         Reflect  .     z - +0 pair of gloves
MR     .....     Harm     .     L - +0 pair of boots
Stlth  +++.......               (no amulet)
                                (no ring)
                                g - ring of resist corrosion

@: no status effects
A: fangs 2, regeneration 2, magic shield, antimagic bite, no device heal 3, rot
immunity
a: no special abilities


You were on level 5 of the Dungeon.
You were not hungry.

You visited 1 branch of the dungeon, and saw 5 of its levels.

You collected 307 gold pieces.

Inventory:

Hand Weapons
 a - a +0 hunting sling
 b - a +0 dagger
 I - a +0 falchion
 K - a +0 rapier (weapon)
Missiles
 d - 17 sling bullets (quivered)
 q - 2 throwing nets
Armour
 n - a +1 hat (worn)
 o - a +0 leather armour (worn)
 p - a +0 cloak (worn)
 z - a +0 pair of gloves (worn)
 L - a +0 pair of boots (worn)
Jewellery
 g - a ring of resist corrosion (left hand)
 G - an uncursed ring of ice
Wands
 y - a wand of random effects (48/48)
Scrolls
 j - a scroll of recharging
 m - 2 scrolls of remove curse
 D - a scroll of fear
Potions
 e - 3 potions of curing {unknown}
 h - a potion of might {unknown}
 i - a potion of flight {unknown}
 l - a potion of brilliance {unknown}
 r - a potion of mutation {unknown}
 t - 2 potions of agility {unknown}
 v - a potion of ambrosia {unknown}
 A - 2 potions of heal wounds
 B - a potion of haste
 E - a potion of invisibility
Books
 c - a book of Debilitation

   Spells                             Type                      Level
   a - Corona                         Hexes                        1
   b - Slow                           Hexes                        2
   c - Gell's Gravitas                Hexes/Translocation          3
   d - Inner Flame                    Hexes/Fire                   3
   e - Cause Fear                     Hexes                        4
   f - Leda's Liquefaction            Hexes/Earth                  4
 J - a book of Maledictions

   Spells                             Type                      Level
   a - Corona                         Hexes                        1
   b - Ensorcelled Hibernation        Hexes/Ice                    2
   c - Confuse                        Hexes                        3
   d - Tukima's Dance                 Hexes                        3
   e - Dazzling Spray                 Conjuration/Hexes            3
Comestibles
 f - 2 bread rations
 k - 4 meat rations
 s - 3 fruits
 u - 3 chunks of flesh
 x - 2 beef jerkies
 H - a royal jelly


   Skills:
 + Level 2.4 Fighting
 - Level 1.7(1.8) Short Blades
 * Level 0.6(1.3) Long Blades
 - Level 1.7(2.3) Slings
 - Level 2.1(2.5) Throwing
 - Level 2.1 Armour
 + Level 2.7 Dodging
 * Level 5.3 Stealth
 + Level 2.3 Spellcasting
 * Level 3.9 Hexes


You had 2 spell levels left.
You knew the following spells:

 Your Spells              Type           Power        Failure   Level  Hunger
a - Corona                Hex            ##.....      8%          1    #......
b - Ensorcelled Hibernat  Hex/Ice        #.....       21%         2    ###....
c - Confuse               Hex            ##......     21%         3    ###....
d - Slow                  Hex            ##......     12%         2    ###....


Dungeon Overview and Level Annotations

Branches:
Dungeon (5/15)
 Temple: D:4-7

Altars:
Ashenzari
Dithmenos
Qazlal


Innate Abilities, Weirdness & Mutations

You have extremely sharp teeth.
You heal very quickly.
When hurt, damage is shared between your health and your magic reserves.
Your bite disrupts and absorbs the magic of your enemies.
Potions and wands cannot restore your health.
You are immune to rotting.


Message History

a club; 2 tomahawks; an orc skeleton Eat one of 4 chunks of flesh? (ye/n/q)
You start eating one of the 4 chunks of flesh.
You continue eating. x2
You finish eating.
This raw flesh tastes terrible.
Magic restored.
You see here a tomahawk.
Found a stone staircase leading down.
You now have 296 gold pieces (gained 10).
Found an escape hatch in the floor.
Found 11 gold pieces.
You now have 307 gold pieces (gained 11).
An ogre comes into view. It is wielding a giant club.
Found 25 stones.
The ogre shouts!
You hear a shout! x2
The ogre hits you with a giant club!!
You hit the ogre but do no damage. The ogre hits you with a giant club!!
Ouch! That really hurt!
You die...

##....[....#
...........#
.##.......<#
...........#
...........#
...........# ####o#
#..........#
###.....#
#..........# ##.O.#
..#############.@###
### #..(## # #.### #
##.# ########..#
##........##
##..######## ###..##
#...##


You could see an ogre and an orc.

Vanquished Creatures
  Grinder (D:3)
  Sigmund (D:3)
  An ogre (D:4)
  A hound (D:3)
  Crazy Yiuf (D:2)
  Ijyb (D:3)
  A worker ant (D:4)
  Natasha (D:3)
  2 orc wizards (D:4)
  2 adders
  An ooze (D:1)
  A worm (D:3)
  3 dart slugs
  2 giant geckos
  3 orcs
  A ball python (D:3)
  3 giant cockroaches
  7 goblins
  4 hobgoblins
  10 kobolds
  8 quokkas
  7 bats
  3 giant newts
  6 rats
71 creatures vanquished.

Notes
Turn   | Place    | Note
-------+----------+-------------------------------------------
     0 | D:1      | inmateoo the Vine Stalker Arcane Marksman began the quest for the Orb.
     0 | D:1      | Reached XP level 1. HP: 9/9 MP: 3/3
    11 | D:1      | Reached skill level 1 in Fighting
    75 | D:1      | Reached XP level 2. HP: 13/14 MP: 2/4
   107 | D:1      | Reached skill level 1 in Stealth
   189 | D:1      | Reached skill level 1 in Armour
   450 | D:1      | Reached XP level 3. HP: 18/18 MP: 5/5
   569 | D:2      | Found a runed door.
   573 | D:2      | Noticed Crazy Yiuf
   585 | D:2      | Killed Crazy Yiuf
   585 | D:2      | Reached skill level 2 in Stealth
   585 | D:2      | Reached XP level 4. HP: 22/22 MP: 6/6
   630 | D:2      | Found a shadowy altar of Dithmenos.
  1048 | D:2      | Found a stormy altar of Qazlal.
  1246 | D:3      | Noticed Natasha
  1318 | D:3      | Noticed Ijyb
  1375 | D:3      | Killed Ijyb
  1375 | D:3      | Reached skill level 1 in Throwing
  1399 | D:3      | Learned a level 2 spell: Slow
  1585 | D:3      | Noticed Sigmund
  1602 | D:3      | Killed Sigmund
  1602 | D:3      | Reached skill level 1 in Short Blades
  1602 | D:3      | Reached skill level 3 in Stealth
  1602 | D:3      | Reached XP level 5. HP: 14/26 MP: 6/8
  1602 | D:3      | Gained mutation: You heal very quickly. [Vine Stalker growth]
  1602 | D:3      | Reached XP level 6. HP: 16/30 MP: 6/9
  1620 | D:3      | Noticed Grinder
  1748 | D:3      | Killed Grinder
  1748 | D:3      | Reached skill level 4 in Stealth
  1748 | D:3      | Reached XP level 7. HP: 17/35 MP: 5/11
  1839 | D:3      | Killed Natasha
  1924 | D:3      | Found a shattered altar of Ashenzari.
  2287 | D:4      | Reached skill level 5 in Stealth
  2604 | D:4      | Learned a level 3 spell: Confuse
  2608 | D:4      | Learned a level 2 spell: Ensorcelled Hibernation
  2960 | D:5      | Entered Level 5 of the Dungeon
  3071 | D:5      | Slain by an ogre

Vault maps used:
D:1:      roderic_crossed_star, fountainhead
D:2:      lemuel_doored_altar, lemuel_crystal_altar, uniq_crazy_yiuf_cottage
D:3:      nicolae_overflow_crystal_walls, uniq_grinder, uniq_natasha, uniq_iyjb,
          uniq_sigmund
D:4:      first_bread, serial_park_tiny_2, minivault_26

Skill      XL: |  1  2  3  4  5  6  7 |
---------------+----------------------+-----
Fighting       | 1 2 |  2.4
Stealth        | 1 2 3 4 5 |  5.3
Armour         | 1 2 |  2.1
Dodging        | 2 |  2.7
Throwing       | 1 2 |  2.1
Short Blades   | 1 |  1.7
Spellcasting   | 2 |  2.3
Long Blades    | |  0.6
Slings         | |  1.7
Hexes          | |  3.9

Action                   |  1- 3 |  4- 6 |  7- 9 || total
-------------------------+-------+-------+-------++-------
Melee: Dagger            |   102 |   174 |     9 ||   285
       Unarmed           |    14 |       |       ||    14
       Bite              |    41 |    50 |    24 ||   115
       Short sword       |       |    10 |    44 ||    54
       Rapier            |       |       |    37 ||    37
       Falchion          |       |       |     8 ||     8
 Fire: Hunting sling     |       |    10 |       ||    10
Throw: Throwing net      |     1 |       |       ||     1
 Cast: Ensorcelled Hiber |       |       |     7 ||     7
  Use: Scroll            |       |       |    11 ||    11
 Stab: Sleeping          |     2 |     7 |     6 ||    15
       Held in net/web   |     1 |       |       ||     1
  Eat: Chunk             |       |     3 |     5 ||     8
Armor: Robe              |    17 |       |       ||    17
       Leather armour    |    13 |    43 |    21 ||    77
Dodge: Dodged            |    82 |    84 |    68 ||   234
